 Dungeon Crawl Stone Soup version 0.30-a0-359-gd0147acb1a (webtiles) character file.

Game seed: 12699485955888529637

3217 mcwallace the Thaumaturge (level 9, -10/45 HPs)
             Began as a Deep Elf Air Elementalist on Nov 11, 2022.
             Was a Believer of Vehumet.
             Killed from afar by a steam dragon (20 damage)
             ... with a ball of steam
             ... on level 8 of the Dungeon.
             The game lasted 00:24:33 (8071 turns).

mcwallace the Thaumaturge (DEAE)                    Turns: 8071, Time: 00:24:34

Health: -10/45     AC:  3    Str:  9    XL:     9   Next: 65%
Magic:  29/32      EV: 16    Int: 25    God:    Vehumet [**....]
Gold:   355        SH:  5    Dex: 15    Spells: 10/25 levels left

rFire   . . .      SeeInvis .    A - +4 falchion (holy) {long}
rCold   + + +      Faith    .    (no shield)
rNeg    . . .      Spirit   .    G - +0 robe of the Lobster {rPois rC++ Str+4}
rPois   +          Reflect  +    (no helmet)
rElec   .          Harm     .    (no cloak)
rCorr   .          Rampage  .    q - +0 pair of gloves
Will    .....                    (no boots)
Stlth   ++........               t - amulet of reflection
HPRegen 0.27/turn                r - ring of magical power
MPRegen 0.23/turn                z - ring of protection from cold

@: no status effects
A: no striking features
a: Renounce Religion


You were on level 8 of the Dungeon.
You worshipped Vehumet.
Vehumet was pleased with you.
You visited 2 branches of the dungeon, and saw 9 of its levels.

You collected 443 gold pieces.
You spent 88 gold pieces at shops.


   Skills:
 + Level 8.1 Dodging
 - Level 2.4 Stealth
 + Level 8.9 Spellcasting
 + Level 7.0 Conjurations
 + Level 2.8 Summonings
 + Level 6.8 Air Magic
 + Level 4.4 Evocations


You had 10 spell levels left.
You knew the following spells:

 Your Spells              Type           Power      Damage    Failure   Level
a - Shock                 Conj/Air       100%       1d9       1%          1
b - Static Discharge      Conj/Air       90%        2-6/arc   1%          2
c - Swiftness             Air            45%        N/A       1%          3
d - Airstrike             Air            22%        2d(4-20)  3%          4
e - Arcjolt               Conj/Air       22%        1d32      9%          5

Your spell library contained the following spells:

 Spells                   Type           Power      Damage    Failure   Level
 Poisonous Vapours        Pois/Air       56%        N/A       1%          2
 Vhi's Electric Charge    Tloc/Air       56%        N/A       4%          3
 Summon Guardian Golem    Hex/Summ       18%        N/A       10%         3
 Orb of Destruction       Conj           23%        9d8       95%         7
 Spellforged Servitor     Conj/Summ      17%        N/A       99%         7
 Maxwell's Capacitive Co  Air            22%        ∞         100%        8

Inventory:

Hand Weapons
 A - a +4 falchion of holy wrath (weapon) {long}
   (You took it off an orc on level 3 of the Dungeon)
Missiles
 c - 26 poisoned darts {throwing}
 i - 59 stones {throwing}
 p - 4 javelins {throwing}
 s - 6 boomerangs {throwing}
Armour
 m - a +0 robe
   (You took it off a wight on level 6 of the Dungeon)
 o - a +0 plate armour
   (You found it on level 2 of the Dungeon)
 q - a +0 pair of gloves (worn)
   (You found it on level 4 of the Dungeon)
 D - a +0 chain mail
   (You found it on level 3 of the Dungeon)
 G - the +0 robe of the Lobster (worn) {rPois rC++ Str+4}
   (You found it on level 3 of the Dungeon)

   Str:       It affects your strength (+4).
   rC:        It greatly protects you from cold.
   rPois:     It protects you from poison.
 J - a +0 ring mail
   (You found it on level 4 of the Dungeon)
 K - a +0 robe
   (You found it on level 5 of the Dungeon)
 L - a +0 robe
   (You found it on level 5 of the Dungeon)
 N - a +0 robe
   (You found it on level 5 of the Dungeon)
 Q - a +0 robe
   (You found it on level 5 of the Dungeon)
 R - a +0 leather armour
   (You found it on level 6 of the Dungeon)
 S - a +0 cloak
   (You found it on level 6 of the Dungeon)
 T - a +0 robe
   (You found it on level 6 of the Dungeon)
 U - a +0 scale mail
   (You took it off an orc on level 6 of the Dungeon)
 V - a +0 robe
   (You took it off an orc wizard on level 6 of the Dungeon)
 W - a +0 leather armour
   (You took it off an orc on level 6 of the Dungeon)
 X - a +0 robe
   (You took it off an orc wizard on level 6 of the Dungeon)
 Y - a +0 leather armour
   (You took it off a gnoll bouda on level 6 of the Dungeon)
 Z - a +0 robe
   (You took it off a wight on level 6 of the Dungeon)
Jewellery
 r - a ring of magical power (left hand)
   (You found it on level 7 of the Dungeon)
 t - an amulet of reflection (around neck)
   (You found it on level 2 of the Dungeon)
 z - a ring of protection from cold (right hand)
   (You found it on level 7 of the Dungeon)
 O - a ring of ice
   (You found it on level 5 of the Dungeon)
Wands
 e - a wand of quicksilver (10)
   (You found it on level 7 of the Dungeon)
 I - a wand of flame (7)
   (You found it on level 4 of the Dungeon)
Scrolls
 d - 3 scrolls of teleportation {unknown}
 g - 10 scrolls of identify {unknown}
 j - a scroll of silence {unknown}
 n - a scroll of vulnerability {unknown}
 u - a scroll of noise {unknown}
 C - a scroll of torment {unknown}
 E - 2 scrolls of magic mapping {unknown}
 F - 2 scrolls of amnesia {unknown}
 M - 2 scrolls of enchant weapon {unknown}
Potions
 a - a potion of might {unknown}
 b - a potion of magic
 f - 2 potions of mutation {unknown}
 h - 2 potions of haste {unknown}
 k - a potion of invisibility {unknown}
 l - 2 potions of attraction {unknown}
 v - 4 potions of curing {@q1}
 w - 3 potions of heal wounds {@q2}
 x - a potion of degeneration {unknown}
 y - a potion of flight {unknown}
 B - a potion of cancellation {unknown}
 H - 2 potions of resistance {unknown}
 P - a potion of brilliance {unknown}

Dungeon Overview and Level Annotations

Branches:
Dungeon (8/15) Zot: 26624  Temple (1/1) D:4 Zot: 5950
   Lair: D:8-11

Altars:
Ashenzari
Cheibriados
Dithmenos
Elyvilon
Gozag
Kikubaaqudgha
Makhleb
Nemelex Xobeh
Okawaru
Qazlal
Ru
Sif Muna
Trog
Uskayaw
Vehumet
Wu Jian
Yredelemnul
Zin
The Shining One

Shops:
D:3 !   D:8 (

Annotations:
D:2 Sigmund
Temple 2 transporters

#######.#.....#
..D..§..).....#
#.# #.# #.# #§#
#§# #D######
#§§@...#
######.# #.#
#.# #.#
#.#########
#..>......#
#########.#
#.#####


You could see a steam dragon (catching breath).


Message History

The zap hits the orc priest!
The orc priest miscasts a cantrip. 😎 MP[-1]
You lost 1 mp, and now have 31/32 mp.
Aiming: Shock (safe; 1% risk of failure)
Press: ? - help, Q - select action, (/) - cycle Shift-Dir - straight line, f/p - orc priest
Aim: an orc priest, wielding a +0 flail (heavily wounded, 74% to hit)
The zap hits the orc priest!
You kill the orc priest!
Vehumet accepts your kill.
You feel your power returning.
Your Conjurations skill increases to level 7!
Aiming: Shock (safe; 1% risk of failure)
Press: ? - help, Q - select action, (/) - cycle Shift-Dir - straight line, f - orc
Aim: an orc, wielding a +0 mace (black smoke, severely wounded, 74% to hit)
The zap hits the orc.
You kill the orc!
Vehumet accepts your kill.
You feel your power returning.
You open the door.
Found a sparkling altar of Nemelex Xobeh.
There is an open door here. 😎 MP[+1]
Your mp is fully restored (32).
There is a shaft here.
There is a shaft here.
There is a sparkling altar of Nemelex Xobeh here.
You open the door.
Found an escape hatch in the ceiling.
There is an open door here.
There is an escape hatch in the ceiling here.
Found a stone staircase leading down.
There is a stone staircase leading down here.
A steam dragon comes into view.
Aiming: Shock (safe; 1% risk of failure)
Press: ? - help, Q - select action, (/) - cycle Shift-Dir - straight line, f - steam dragon
Aim: a steam dragon (asleep, 100% to hit)
The zap hits the steam dragon.
The steam dragon hisses angrily.
The steam dragon breathes steam at you.
The ball of steam hits you! 😕 HP[-8] MP[-1]
You take 8 damage, and now have 37/45 hp.
You lost 1 mp, and now have 31/32 mp. 😕 HP[+1] 😕 MP[+1]
Your mp is fully restored (32).
Aiming: Shock (safe; 1% risk of failure)
Press: ? - help, Q - select action, (/) - cycle Shift-Dir - straight line, f/p - steam dragon
Aim: a steam dragon (lightly wounded, 74% to hit)
The zap hits the steam dragon. x2 😕 MP[-1]
You lost 1 mp, and now have 31/32 mp.
Aiming: Shock (safe; 1% risk of failure)
Press: ? - help, Q - select action, (/) - cycle Shift-Dir - straight line, f/p - steam dragon
Aim: a steam dragon (heavily wounded, 74% to hit)
The zap hits the steam dragon. 😕 HP[+1] MP[-1]
You lost 1 mp, and now have 30/32 mp.
Aiming: Shock (safe; 1% risk of failure)
Press: ? - help, Q - select action, (/) - cycle Shift-Dir - straight line, f/p - steam dragon
Aim: a steam dragon (severely wounded, 74% to hit)
The zap hits the steam dragon. 😕 MP[-1]
You lost 1 mp, and now have 29/32 mp.
Aiming: Shock (safe; 1% risk of failure)
Press: ? - help, Q - select action, (/) - cycle Shift-Dir - straight line, f/p - steam dragon
Aim: a steam dragon (severely wounded, 74% to hit)
The zap misses the steam dragon.
The steam dragon breathes steam at you. The ball of steam hits you! 😮 HP[-8]
You take 8 damage, and now have 31/45 hp.
You are engulfed in a cloud of scalding steam. 😮 HP[-6]
You take 6 damage, and now have 25/45 hp.
You are engulfed in a cloud of scalding steam. 😮 HP[-1]
You take 1 damage, and now have 24/45 hp.
You are engulfed in a cloud of scalding steam.
* * * LOW HITPOINT WARNING * * *
😨 HP[-6]
You take 6 damage, and now have 18/45 hp.
The steam dragon attacks as you move away!
The steam dragon misses you. The steam dragon completely misses you.
The steam dragon breathes steam at you. The ball of steam misses you. 😨 MP[+1]
Casting: Shock (safe; 1% risk of failure)
Confirm with . or Enter, or press ? or * to list all spells.
Okay, then.
Aiming: Shock (safe; 1% risk of failure)
Press: ? - help, Q - select action, (/) - cycle Shift-Dir - straight line, f/p - steam dragon
Aim: a steam dragon (severely wounded, 74% to hit)
The zap hits the steam dragon.
The zap misses the steam dragon.
You are engulfed in a cloud of scalding steam.
* * * LOW HITPOINT WARNING * * *
The steam dragon breathes steam at you. The ball of steam hits you!!
You die...

Skill      XL: |  1  2  3  4  5  6  7  8  9 |
---------------+----------------------------+-----
Dodging        | 3 4 5 6 7 8 |  8.1
Conjurations   | 2 3 4 5 6 7 |  7.0
Spellcasting   | 4 5 6 8 |  8.9
Air Magic      | 4 5 6 |  6.8
Evocations     | 3 4 |  4.4
Summonings     | 2 |  2.8
Stealth        | |  2.4

Action                   |  1- 3 |  4- 6 |  7- 9 || total
-------------------------+-------+-------+-------++-------
Melee: Dagger            |     3 |       |       ||     3
       Falchion          |       |       |     4 ||     4
 Cast: Shock             |    74 |    61 |   138 ||   273
       Static Discharge  |     2 |    13 |    19 ||    34
       Airstrike         |       |     1 |    33 ||    34
Evoke: Wand              |       |     1 |     1 ||     2
  Use: Potion            |       |       |     1 ||     1
Armor: Robe              |     3 |     3 |     8 ||    14
Dodge: Dodged            |    10 |    10 |    31 ||    51
Block: Other             |       |     5 |     9 ||    14
       Reflection        |       |       |     1 ||     1

Levels and vault maps discovered:
D:1:      giann_bridges, layout_basic, dilly_ecumenical_altar_fadedgnrine,
          nicolae_figureground_pulse
D:2:      layout_basic, uniq_sigmund
D:3:      layout_loops_cross, lemuel_round_altar, serial_shops, shop,
          chequers_jeans
D:4:      layout_loops_cross, temple_fountains
D:5:      layout_loops_ring
D:6:      layout_loops_ring, grunt_tough_drop
D:7:      layout_loops_corners, uniq_duvessa
D:8:      layout_loops_ring, nemelex_spade_bored_becter, serial_shops,
          nicolae_inconvenience_store
Temple:   hellmonk_temple_divided_pantheon

Notes
Turn   | Place    | Note
-------+----------+-------------------------------------------
     0 | D:1      | mcwallace the Deep Elf Air Elementalist began the quest for
                  | the Orb.
     0 | D:1      | Reached XP level 1. HP: 10/10 MP: 6/6
     0 | D:1      | magus.rc [v1.9.6]
   340 | D:1      | Reached XP level 2. HP: 15/15 MP: 4/8
   866 | D:1      | Found a faded altar of an unknown god.
  1180 | D:2      | Reached skill level 3 in Dodging
  1183 | D:2      | Learned a level 2 spell: Static Discharge
  1272 | D:2      | Reached XP level 3. HP: 19/19 MP: 5/10
  1473 | D:2      | Noticed Sigmund
  1773 | D:3      | Reached skill level 2 in Conjurations
  1820 | D:3      | Found a broken altar of Ashenzari.
  1850 | D:3      | You pick up a book of Dangerous Friends and begin
                  | reading...
  1850 | D:3      | You add the spells Summon Guardian Golem, Orb of
                  | Destruction and Spellforged Servitor to your library.
  1901 | D:3      | Reached XP level 4. HP: 19/24 MP: 1/11
  2175 | D:3      | Found Bieddawu's Distillery.
  2184 | D:3      | Bought a potion of heal wounds for 55 gold pieces
  2184 | D:3      | Bought a potion of curing for 33 gold pieces
  2254 | D:3      | Reached skill level 4 in Spellcasting
  2474 | D:3      | Learned a level 3 spell: Swiftness
  2784 | D:3      | Identified the +0 robe of the Lobster {rPois rC++ Str+4}
  3184 | D:4      | Found a staircase to the Ecumenical Temple.
  3191 | Temple   | Entered the Ecumenical Temple
  3191 | Temple   | Found a transporter.
  3191 | Temple   | Found a transporter.
  3193 | Temple   | Found a transporter.
  3193 | Temple   | Found a transporter.
  3220 | Temple   | Became a worshipper of Vehumet
  3524 | D:5      | Entered Level 5 of the Dungeon
  3524 | D:5      | Noticed a water moccasin
  3599 | D:5      | Noticed a black bear
  3633 | D:5      | Killed a black bear
  3634 | D:5      | Reached skill level 4 in Dodging
  3634 | D:5      | Reached skill level 3 in Conjurations
  3634 | D:5      | Reached skill level 4 in Air Magic
  3634 | D:5      | Reached XP level 5. HP: 14/28 MP: 3/14
  3781 | D:5      | Noticed an ogre
  3792 | D:5      | Killed an ogre
  3793 | D:5      | Reached skill level 5 in Spellcasting
  3793 | D:5      | Reached XP level 6. HP: 24/32 MP: 6/15
  4038 | D:5      | Learned a level 4 spell: Airstrike
  4153 | D:5      | Killed a water moccasin
  4154 | D:5      | Reached skill level 5 in Dodging
  4154 | D:5      | Reached skill level 4 in Conjurations
  4616 | D:6      | Reached XP level 7. HP: 36/36 MP: 12/17
  4664 | D:6      | Reached skill level 5 in Air Magic
  4667 | D:6      | Reached skill level 6 in Spellcasting
  4668 | D:6      | HP: 6/36 [killer bee (8)]
  4916 | D:6      | Reached skill level 6 in Dodging
  4916 | D:6      | Reached skill level 5 in Conjurations
  4964 | D:6      | Reached * piety under Vehumet
  4964 | D:6      | Offered knowledge of Magic Dart by Vehumet.
  5115 | D:6      | Reached XP level 8. HP: 32/41 MP: 13/20
  5458 | D:6      | Reached skill level 7 in Spellcasting
  5538 | D:6      | Reached skill level 1 in Evocations
  5660 | D:6      | Reached skill level 2 in Evocations
  5709 | D:6      | Reached skill level 6 in Air Magic
  6213 | D:6      | Reached skill level 7 in Dodging
  6213 | D:6      | Reached skill level 6 in Conjurations
  6439 | D:7      | Noticed a hornet
  6445 | D:7      | Killed a hornet
  6446 | D:7      | Reached skill level 8 in Spellcasting
  6446 | D:7      | Reached skill level 3 in Evocations
  6446 | D:7      | Reached XP level 9. HP: 45/45 MP: 9/23
  6848 | D:7      | Reached skill level 1 in Summonings
  7251 | D:7      | You add the spells Vhi's Electric Charge, Arcjolt and
                  | Maxwell's Capacitive Coupling to your library.
  7258 | D:7      | Learned a level 5 spell: Arcjolt
  7446 | D:7      | Noticed Dowan
  7447 | D:7      | Killed Dowan
  7447 | D:7      | Noticed Duvessa
  7453 | D:7      | Killed Duvessa
  7454 | D:7      | Reached skill level 2 in Summonings
  7454 | D:7      | Reached skill level 4 in Evocations
  7702 | D:8      | Reached ** piety under Vehumet
  7767 | D:8      | Offered knowledge of Poisonous Vapours by Vehumet.
  7876 | D:8      | Reached skill level 8 in Dodging
  7927 | D:8      | Found Zuh Nathru's Weapon Emporium.
  7936 | D:8      | Reached skill level 7 in Conjurations
  7964 | D:8      | Found a sparkling altar of Nemelex Xobeh.
  8071 | D:8      | HP: 9/45 [steam dragon] (9)]
  8071 | D:8      | Killed from afar by a steam dragon

Vanquished Creatures
  A hornet (D:7)
  2 water moccasins
  Duvessa (D:7)
  A sky beast (D:7)
  An ice beast (D:6)
  2 black bears (D:5)
  4 ogres
  3 centaurs (D:7)
  A kobold brigand (D:7)
  2 necrophages (D:6)
  2 bullfrogs
  A scorpion (D:6)
  7 wights
  Dowan (D:7)
  5 killer bees (D:6)
  A howler monkey (D:6)
  A lava snake (D:8)
  3 jellies
  3 orc priests
  A gnoll bouda (D:6)
  4 hounds
  2 iguanas
  6 orc wizards
  4 gnolls (D:6)
  5 adders
  2 shadow imps
  A white imp (D:7)
  2 worms
  A dart slug (D:2)
  14 orcs
  5 ball pythons
  8 endoplasms
  A giant cockroach (D:4)
  7 goblins
  4 hobgoblins
  6 kobolds
  3 quokkas
  3 bats
  4 frilled lizards
  3 rats
128 creatures vanquished.

Vanquished Creatures (others)
  An orc wizard (D:6)
1 creature vanquished.

Grand Total: 129 creatures vanquished

Table legend:
 A = Non-vault XP
 B = Vault XP
 C = Vault XP percentage of total XP
 D = Non-vault monster count
 E = Vault monster count
 F = Vault count percentage of total count
                 A         B        C        D         E       F
            +---------+---------+-------+---------+---------+-------
      Total |    4171 |     425 |   9.2 |     122 |       7 |   5.4
            +---------+---------+-------+---------+---------+-------
        D:1 |      26 |       0 |   0.0 |      15 |       0 |   0.0
        D:2 |      23 |       0 |   0.0 |      11 |       0 |   0.0
        D:3 |      95 |       0 |   0.0 |      18 |       0 |   0.0
        D:4 |      12 |       0 |   0.0 |       7 |       0 |   0.0
        D:5 |     566 |       0 |   0.0 |       7 |       0 |   0.0
        D:6 |    1603 |     211 |  11.6 |      34 |       5 |  12.8
        D:7 |    1231 |     214 |  14.8 |      19 |       2 |   9.5
        D:8 |     615 |       0 |   0.0 |      11 |       0 |   0.0
            +---------+---------+-------+---------+---------+-------

Illustrated notes

Table legend:
 A = Kills in this place as a percentage of kills in entire the game.
 B = Kills by you in this place as a percentage of kills by you in the entire game.
 C = Kills by friends in this place as a percentage of kills by friends in the entire game.
 D = Other kills in this place as a percentage of other kills in the entire game.
 E = Experience gained in this place as a percentage of experience gained in the entire game.
 F = Experience gained in this place divided by the number of levels of this place that you have seen.
                   A       B       C       D       E      F
               +-------+-------+-------+-------+-------+----------------------
         Total | 100.0 | 100.0 |   N/A | 100.0 | 100.0 | 510.7
       Dungeon | 100.0 | 100.0 |   N/A | 100.0 | 100.0 | 574.5
               +-------+-------+-------+-------+-------+----------------------

Table legend: (Time is in decaauts)
 A = Elapsed time spent in this place.
 B = Non-inter-level travel time spent in this place.
 C = Inter-level travel time spent in this place.
 D = Time resting spent in this place.
 E = Time spent auto-exploring this place.
 F = Levels seen in this place.
 G = Mean time per level.
                   A        B        C        D        E       F      G
               +--------+--------+--------+--------+--------+-----+--------+
         Total |   8072 |   7824 |    248 |    533 |   6091 |   9 |  896.9 |
       Dungeon |   8022 |   7774 |    248 |    533 |   6091 |   8 | 1002.8 |
        Temple |     49 |     49 |      0 |      0 |      0 |   1 |   49.0 |
               +--------+--------+--------+--------+--------+-----+--------+

Top non-repeatable levels by time:
     D:6: 1442 daAuts
     D:7: 1377 daAuts
     D:5: 1345 daAuts
     D:3: 1082 daAuts
     D:1: 989 daAuts
     D:2: 779 daAuts
     D:4: 631 daAuts
     D:8: 374 daAuts
  Temple: 49 daAuts
